Map: Cerulean Fall LE

Players

Apothenes - Winner!

  • Race: Terran Terran
  • League: Master
  • Spawn Location: 1:00

LaFantome

  • Race: Zerg Zerg
  • League: Diamond
  • Spawn Location: 7:00

VOD

Have the link to the VOD?

Description

Time

  • Played on: Oct. 4, 2018, 2:18 p.m.
  • Length: 18:18
Show
View Real Time Build Order
Export as new Build Order

Apothenes Terran - Winner!

Build Orders: Mech 

Get SALT Encoding   

  12  0:01  SCV  
  13  0:13  SCV  
  14  0:18  Supply Depot  
  14  0:25  SCV  
  15  0:40  SCV  
  16  0:42  Barracks  
  16  0:52  SCV  
  17  1:04  SCV  
  18  1:16  SCV  
  19  1:23  Command Center  
  19  1:33  Orbital Command  
  19  1:42  Supply Depot  
  19  1:47  Marine  
  19  1:50  Refinery  
  20  1:54  Refinery  
  20  1:59  SCV  
  21  2:05  Marine  
  22  2:11  SCV  
  23  2:22  Marine  
  23  2:23  SCV  
  25  2:30  Bunker  
  25  2:35  Orbital Command  
  25  2:36  SCV  
  26  2:47  Barracks Reactor  
  26  2:48  SCV  
  27  2:52  Factory  
  27  3:00  SCV  
  27  3:03  SCV  
  28  3:08  Supply Depot  
  28  3:14  Factory  
  28  3:18  SCV x2  
  30  3:30  SCV x2  
  30  3:33  Engineering Bay  
  32  3:47  Hellion x2  
  36  3:49  SCV  
  36  3:50  SCV  
  38  4:01  SCV, Factory Tech Lab  
  39  4:03  SCV  
  40  4:11  Command Center  
  40  4:12  Hellion x2  
  44  4:19  SCV  
  44  4:20  SCV  
  44  4:21  Siege Tank  
  49  4:33  Hellion  
  49  4:34  Hellion  
  49  4:37  SCV  
  54  4:41  Supply Depot  
  54  4:42  Supply Depot  
  54  4:54  Command Center  
  54  5:03  SCV x2  
  54  5:06  Siege Tank, Hellion x2  
  63  5:08  Missile Turret  
  63  5:12  Missile Turret  
  63  5:17  Refinery  
  63  5:18  Refinery, SCV  
  63  5:20  SCV  
  65  5:25  Supply Depot  
  65  5:27  SCV  
  64  5:46  Siege Tank, Hellion x2  
  71  5:55  Missile Turret  
  71  5:59  SCV x2  
  73  6:09  Hellion  
  75  6:25  Siege Tank, Hellion  
  78  6:30  SCV  
  78  6:31  SCV  
  77  6:33  Planetary Fortress  
  77  6:34  Hellion  
  77  6:39  Factory  
  78  6:41  Factory  
  78  6:42  SCV, Factory  
  78  6:44  Starport x2  
  78  6:45  Armory, SCV  
  78  6:46  Armory  
  80  6:48  Supply Depot  
  80  6:54  SCV  
  80  6:57  SCV  
  82  7:06  SCV  
  83  7:09  SCV  
  83  7:11  SCV  
  83  7:13  Missile Turret  
  83  7:14  Siege Tank  
  83  7:15  Hellion x2  
  92  7:18  SCV  
  93  7:27  Factory Tech Lab  
  93  7:28  Factory Tech Lab  
  93  7:31  SCV x2  
  93  7:33  Planetary Fortress  
  89  7:52  Siege Tank x2, Hellion x2  
  89  7:53  Siege Tank, Starport Tech Lab x2  
  89  7:58  SCV x3  
  103  8:00  Terran Vehicle Weapons Level 1  
  103  8:03  Supply Depot  
  103  8:04  Supply Depot  
  103  8:06  Missile Turret  
  103  8:09  Sensor Tower  
  103  8:11  Refinery  
  103  8:12  Refinery, SCV x3  
  106  8:25  SCV x3, Hellion x2  
  113  8:27  Terran Vehicle And Ship Armor Level 1  
  113  8:30  Supply Depot  
  113  8:31  Supply Depot  
  113  8:32  Supply Depot x2, SCV  
  114  8:34  Hi-Sec Auto Tracking  
  114  8:41  Refinery x2  
  114  8:42  SCV x2  
  114  8:43  SCV  
  114  8:45  SCV  
  118  8:53  Thor  
  120  9:07  Siege Tank x2  
  120  9:09  Hellion x2  
  126  9:22  Banshee x2  
  126  9:23  Factory Tech Lab  
  130  9:24  SCV x2  
  130  9:25  SCV x2  
  130  9:27  Supply Depot x3  
  130  9:28  Supply Depot  
  134  9:31  Structure Armor  
  134  9:39  Sensor Tower  
  134  9:44  Hellion x2  
  134  9:45  Siege Tank x3  
  147  9:47  SCV  
  147  9:48  SCV x2  
  147  9:50  SCV  
  151  9:54  Armory  
  151  10:06  Refinery, Command Center  
  151  10:08  Missile Turret, Cloaking Field  
  151  10:09  Refinery  
  151  10:11  Hellion x2  
  151  10:13  Siege Tank  
  158  10:14  Banshee x2  
  161  10:33  Siege Tank x2  
  159  10:57  Siege Tank x2, Hellion x2  
  159  11:00  Terran Vehicle Weapons Level 2, SCV x4  
  159  11:01  Terran Vehicle And Ship Armor Level 2  
  164  11:13  Hyperflight Rotors  
  164  11:15  Refinery, SCV, Command Center  
  164  11:17  Missile Turret  
  165  11:18  Refinery  
  157  11:33  Hellion x2  
  157  11:34  Thor x2  
  157  11:36  SCV x2  
  172  11:49  Thor  
  158  11:56  Banshee, Hellion x2  
  158  11:57  SCV x4  
  133  12:08  Thor  
  117  12:09  Banshee  
  117  12:11  SCV x4  
  128  12:23  SCV  
  127  12:33  Command Center, Hellion x2  
  127  12:35  Siege Tank x3  
  136  12:44  Banshee  
  136  12:45  SCV  
  136  12:46  SCV x2  
  136  12:49  Terran Ship Weapons Level 1  
  142  12:51  Fusion Core  
  142  12:54  Missile Turret  
  142  12:56  Missile Turret  
  142  12:59  Command Center  
  142  13:02  Command Center x2  
  142  13:03  Command Center  
  142  13:06  Siege Tank, Command Center  
  142  13:07  Banshee  
  142  13:09  Thor, Missile Turret  
  142  13:11  Siege Tank  
  142  13:12  SCV x4  
  161  13:22  Missile Turret  
  161  13:24  SCV  
  161  13:26  SCV x2  
  165  13:34  SCV  
  165  13:36  SCV  
  166  13:41  Command Center  
  166  13:42  Terran Vehicle And Ship Armor Level 3, Terran Vehicle Weapons Level 3  
  166  13:44  Thor  
  172  13:55  Siege Tank  
  175  13:56  Siege Tank  
  175  13:59  Siege Tank  
  181  14:12  Smart Servos  
  181  14:14  Infernal Pre-Igniter  
  181  14:17  Planetary Fortress  
  181  14:18  Orbital Command  
  181  14:19  Orbital Command  
  181  14:25  Planetary Fortress  
  181  14:27  Orbital Command  
  181  14:35  Viking x2  
  185  14:41  Refinery, Command Center  
  185  14:44  Refinery  
  184  14:49  SCV  
  184  14:50  SCV x3  
  183  15:04  Thor x2  
  195  15:09  Starport  
  195  15:10  Starport  
  195  15:13  Starport  
  187  15:21  Viking x2  
  153  16:01  Viking x2  
  146  16:04  SCV x2  
  145  16:16  Viking x3  
  157  16:18  Hellion x3  
  157  16:19  SCV x2, Hellion x3  
  157  16:20  SCV  
  157  16:21  Refinery  
  157  16:22  Planetary Fortress  
  166  16:31  Viking  
  169  16:40  Hellion  
  169  16:45  Hellion x4  
  169  16:46  Viking x2, Hellion  
  162  17:02  Viking x2  
  162  17:03  Viking  
  150  17:15  Command Center  
  144  17:16  Viking  
  146  17:22  Hellion x12  
  146  17:33  SCV x3  
  137  18:16  Refinery  
Show
View Real Time Build Order
Export as new Build Order

LaFantome Zerg 

Build Orders: Hatch First 

Get SALT Encoding   

  12  0:00  Drone  
  13  0:12  Overlord  
  13  0:17  Drone  
  14  0:31  Drone x2  
  14  0:34  Drone  
  17  0:52  Hatchery  
  17  0:55  Drone  
  17  0:58  Drone  
  18  1:08  Extractor  
  17  1:13  Spawning Pool  
  17  1:16  Drone  
  17  1:20  Drone  
  18  1:28  Drone  
  19  1:46  Overlord  
  19  1:56  Drone  
  20  2:01  Zergling x2  
  20  2:04  Queen x2  
  20  2:05  Zergling x2  
  26  2:12  Drone  
  27  2:16  Metabolic Boost  
  27  2:25  Drone  
  27  2:26  Drone  
  27  2:27  Drone  
  30  2:37  Drone x2  
  30  2:42  Hatchery  
  31  2:49  Overlord  
  31  3:06  Overlord  
  31  3:07  Drone x3, Queen  
  36  3:17  Overlord  
  36  3:25  Drone x5  
  36  3:26  Drone  
  42  3:30  Overlord  
  41  3:53  Drone  
  41  3:54  Drone x6  
  47  3:59  Queen x3  
  53  4:03  Extractor  
  53  4:04  Extractor  
  51  4:10  Roach Warren  
  51  4:16  Drone x3  
  53  4:18  Drone x2  
  53  4:20  Evolution Chamber  
  53  4:22  Overlord  
  53  4:23  Evolution Chamber  
  53  4:28  Zergling x4  
  53  4:29  Zergling x4  
  53  4:31  Zergling x2  
  58  4:36  Lair  
  58  4:44  Drone  
  58  4:45  Drone x4  
  63  4:48  Overlord  
  63  4:54  Drone  
  63  4:55  Extractor  
  63  4:56  Zerg Missile Weapons Level 1  
  63  4:59  Zerg Ground Armor Level 1  
  63  5:03  Drone  
  63  5:04  Drone x2  
  66  5:13  Spore Crawler  
  66  5:14  Spore Crawler  
  64  5:15  Drone  
  64  5:16  Spore Crawler, Drone x2  
  66  5:21  Drone  
  66  5:22  Drone x3  
  67  5:41  Drone  
  67  5:42  Drone x12  
  77  5:46  Extractor  
  77  5:48  Extractor  
  75  5:57  Hydralisk Den  
  75  6:02  Hatchery  
  75  6:03  Roach x2  
  75  6:04  Roach x2  
  81  6:05  Overlord  
  75  6:31  Drone, Grooved Spines  
  75  6:32  Drone x2  
  78  6:33  Drone x2  
  78  6:35  Drone x4  
  78  6:36  Drone x2  
  78  6:37  Hydralisk x2  
  78  6:39  Overlord x2  
  90  6:53  Overseer  
  90  6:58  Drone x4  
  90  6:59  Drone x6  
  100  7:06  Zerg Ground Armor Level 2, Zerg Missile Weapons Level 2  
  100  7:23  Hydralisk  
  100  7:24  Hydralisk x5  
  100  7:26  Infestation Pit  
  111  7:35  Overlord x4  
  111  7:36  Overlord x2  
  111  7:42  Muscular Augments  
  109  7:58  Drone x4  
  111  8:03  Extractor, Hive  
  111  8:04  Roach x10  
  111  8:05  Extractor, Roach x7  
  145  8:18  Spore Crawler  
  144  8:23  Spine Crawler  
  144  8:25  Drone x3  
  144  8:26  Drone x3  
  149  8:29  Spine Crawler  
  148  8:40  Hydralisk  
  148  8:41  Hydralisk x5  
  150  8:43  Overlord  
  150  8:44  Overlord x7  
  160  8:50  Glial Reconstitution  
  154  9:17  Spire  
  152  9:25  Viper x4  
  152  9:26  Hydralisk  
  152  9:27  Hydralisk x6  
  178  9:41  Spine Crawler  
  178  9:43  Spine Crawler x2  
  178  9:44  Drone  
  178  9:45  Spine Crawler, Drone x8  
  183  9:46  Spine Crawler  
  183  9:51  Spine Crawler  
  181  9:58  Zerg Missile Weapons Level 3, Zerg Ground Armor Level 3  
  181  10:29  Greater Spire  
  174  11:01  Spine Crawler  
  174  11:02  Spine Crawler  
  174  11:03  Spine Crawler, Drone  
  174  11:04  Drone x5  
  176  11:10  Spine Crawler x2  
  176  11:11  Spine Crawler x2  
  172  11:15  Drone  
  172  11:16  Drone x6  
  179  11:22  Extractor  
  179  11:23  Hatchery, Hydralisk x9  
  195  11:26  Extractor  
  195  11:30  Hydralisk  
  122  12:06  Corruptor  
  122  12:07  Corruptor x12  
  148  12:09  Hydralisk  
  148  12:10  Hydralisk x5  
  160  12:42  Brood Lord  
  160  12:43  Brood Lord x7  
  176  12:45  Brood Lord  
  178  12:54  Spine Crawler, Drone  
  178  12:55  Spine Crawler, Drone  
  178  12:57  Spine Crawler  
  177  13:04  Brood Lord x2  
  181  13:06  Brood Lord  
  183  13:15  Drone  
  183  13:16  Drone x3  
  183  13:17  Drone  
  183  13:18  Drone x4  
  192  13:22  Brood Lord  
  194  13:42  Corruptor x3  
  196  14:46  Corruptor x2  
  197  15:17  Corruptor  
  197  15:18  Corruptor  
  200  15:25  Hatchery  
  137  16:08  Brood Lord x7, Corruptor  
  137  16:09  Corruptor x6  
  145  16:21  Drone  
  145  16:22  Drone x4  
  127  17:00  Unknown  
  123  17:13  Hatchery, Drone x3  
  123  17:14  Drone x3  
  128  17:30  Hydralisk x3  
  128  17:31  Hydralisk  
  136  17:45  Unknown  
  130  17:57  Extractor  
  116  17:58  Extractor  
Tags
 
Composition
Mech
Matchup
TvZ
Spawn Locations
Cross Positions
Add a new tag
Caveats
  • Supply blocks, unpowered buildings, or Contaminate may cause inaccurate times.
  • Supply counts are checked every 10 seconds.